Map: 로스트 앤 파운드 - 래더

Players

TRUE

  • Race: Zerg Zerg
  • Spawn Location: 7:00

DnS - Winner!

  • Race: Protoss Protoss
  • Spawn Location: 1:00

Event: WCS Valencia 2018

VOD

Have the link to the VOD?

Description

Time

  • Played on: July 12, 2018, 2:56 p.m.
  • Length: 28:13

All games in this series

Show
View Real Time Build Order
Export as new Build Order

TRUE Zerg 

Build Orders: Hatch First 

Get SALT Encoding   

  12  0:00  Drone  
  13  0:12  Overlord  
  13  0:16  Drone  
  14  0:31  Drone  
  15  0:44  Hatchery  
  15  0:47  Drone  
  15  0:51  Drone  
  16  1:06  Spawning Pool  
  16  1:08  Drone  
  16  1:12  Extractor  
  16  1:13  Drone  
  16  1:19  Drone  
  16  1:25  Drone  
  18  1:31  Drone  
  19  1:41  Overlord  
  19  1:53  Zergling x2  
  20  1:54  Queen  
  20  1:57  Queen  
  24  2:01  Drone  
  24  2:05  Drone  
  26  2:09  Drone  
  26  2:15  Drone  
  28  2:19  Metabolic Boost  
  28  2:22  Drone  
  29  2:25  Drone  
  29  2:28  Drone  
  31  2:35  Drone  
  32  2:44  Hatchery  
  32  2:49  Queen  
  33  2:53  Zergling x2  
  33  2:56  Overlord  
  34  3:07  Zergling x4  
  34  3:12  Overlord  
  36  3:18  Drone x2  
  36  3:19  Drone  
  39  3:21  Drone  
  39  3:24  Queen  
  39  3:26  Queen  
  41  3:30  Overlord  
  41  3:32  Drone  
  44  3:39  Drone  
  44  3:41  Drone x2  
  47  3:42  Evolution Chamber, Drone  
  47  3:45  Overlord  
  47  3:53  Drone  
  48  3:56  Queen  
  48  3:58  Drone x3  
  48  4:00  Drone  
  48  4:01  Drone  
  55  4:05  Queen  
  57  4:11  Queen  
  57  4:17  Drone x3  
  61  4:18  Drone  
  61  4:22  Zerg Melee Weapons Level 1  
  63  4:26  Drone x2  
  63  4:27  Overlord  
  63  4:30  Overlord  
  65  4:36  Overlord  
  65  4:44  Overlord  
  65  4:45  Baneling Nest  
  65  4:50  Drone x2  
  65  4:51  Drone x2  
  69  4:52  Drone  
  69  4:53  Zergling x2, Drone  
  69  4:54  Zergling x8  
  69  4:57  Zergling x2  
  69  4:59  Zergling x6  
  77  5:11  Zergling x4  
  77  5:12  Zergling x12  
  77  5:13  Zergling x2  
  86  5:15  Zergling x2  
  86  5:19  Zergling x2  
  88  5:22  Zergling x2  
  89  5:29  Overlord  
  89  5:31  Zergling x6  
  89  5:32  Baneling x2  
  89  5:33  Zergling x2  
  92  5:35  Zergling x2  
  92  5:36  Zergling x4, Queen  
  92  5:39  Overlord  
  92  5:42  Baneling  
  97  5:46  Overlord  
  97  5:47  Queen x2  
  101  5:51  Overlord, Zergling x6  
  101  5:54  Zergling x2  
  101  5:55  Baneling  
  101  5:56  Zergling x2  
  104  5:59  Zergling x2  
  104  6:00  Zergling x10  
  104  6:01  Zergling x2  
  104  6:03  Zergling x2  
  96  6:08  Zergling x4  
  94  6:12  Zergling x2  
  94  6:13  Zergling x6  
  92  6:18  Baneling  
  92  6:19  Baneling x2  
  92  6:20  Zergling x2  
  92  6:23  Zergling x4  
  92  6:25  Zergling x6  
  96  6:31  Zergling x4  
  98  6:33  Zergling x4  
  98  6:34  Zergling x4  
  98  6:37  Zergling x6  
  105  6:40  Baneling  
  105  6:41  Baneling  
  103  6:48  Baneling  
  103  6:49  Zergling x6  
  100  6:55  Zergling x2  
  100  6:56  Zergling x6  
  100  6:58  Zergling x4  
  100  6:59  Zergling x4  
  100  7:00  Zergling x2  
  97  7:11  Zergling x2  
  97  7:12  Zergling x6  
  97  7:16  Zergling x2  
  89  7:24  Hatchery  
  89  7:26  Drone x3  
  89  7:27  Drone  
  89  7:29  Drone  
  92  7:34  Drone x2  
  92  7:35  Extractor, Drone  
  92  7:36  Extractor  
  93  7:39  Drone  
  94  7:49  Baneling x5  
  94  7:59  Drone  
  94  8:00  Drone x3  
  94  8:01  Extractor  
  94  8:03  Drone  
  94  8:04  Spore Crawler  
  97  8:10  Lair  
  98  8:27  Drone x8  
  98  8:30  Zerg Missile Weapons Level 1  
  105  8:35  Overlord, Roach Warren  
  105  8:39  Drone x5  
  105  8:40  Drone  
  109  8:50  Zergling x6  
  109  8:51  Baneling x9  
  109  8:52  Baneling x3  
  109  8:55  Zergling x2  
  113  8:57  Extractor, Zergling x4  
  113  9:00  Zergling x8  
  113  9:02  Zergling x4  
  120  9:04  Spine Crawler  
  120  9:06  Spine Crawler  
  120  9:08  Spine Crawler  
  116  9:10  Zergling x4  
  116  9:15  Roach x4  
  126  9:18  Zergling x2  
  126  9:19  Spine Crawler  
  126  9:20  Spine Crawler  
  126  9:22  Zergling x2  
  126  9:25  Zergling x2  
  126  9:27  Roach x3  
  126  9:29  Roach x2  
  137  9:33  Roach  
  137  9:34  Roach  
  137  9:36  Ravager x2  
  137  9:37  Zergling x2  
  132  9:39  Zergling x4  
  132  9:43  Zergling x6  
  132  9:48  Ravager x2  
  132  9:50  Zergling x4  
  136  9:54  Glial Reconstitution  
  136  9:59  Zergling x4  
  136  10:03  Zergling x2  
  136  10:05  Zergling x2  
  136  10:07  Ravager x2  
  136  10:10  Overlord x2  
  136  10:11  Overlord  
  137  10:14  Overlord  
  137  10:17  Extractor, Overlord  
  137  10:19  Overlord  
  136  10:22  Overlord  
  135  10:34  Zerg Missile Weapons Level 2  
  130  10:37  Drone  
  130  10:42  Drone  
  131  10:43  Spire, Drone  
  131  10:49  Drone x3  
  134  10:50  Drone  
  134  10:53  Hatchery  
  126  11:21  Drone x6  
  126  11:24  Hatchery  
  131  11:28  Drone x2  
  132  11:33  Overseer  
  132  11:39  Extractor  
  131  11:43  Extractor  
  127  11:57  Mutalisk x6  
  137  12:08  Drone  
  137  12:09  Drone x5  
  137  12:10  Drone  
  137  12:11  Hydralisk Den, Drone x3  
  146  12:23  Overlord  
  146  12:25  Drone  
  146  12:28  Drone x4  
  151  12:35  Roach x2  
  154  12:39  Roach x12  
  154  12:40  Roach  
  154  12:43  Roach  
  177  12:45  Roach  
  178  12:52  Grooved Spines  
  178  12:53  Zerg Melee Weapons Level 2  
  178  12:54  Drone  
  178  12:56  Drone  
  180  13:16  Drone x2  
  180  13:18  Zerg Flyer Weapons Level 1  
  182  13:20  Hydralisk x3  
  182  13:21  Hydralisk  
  182  13:24  Lurker Den  
  188  13:27  Zergling x12  
  188  13:29  Hydralisk x2  
  188  13:32  Hydralisk  
  188  13:33  Drone  
  195  13:34  Drone  
  195  13:38  Drone x2  
  196  13:46  Centrifical Hooks  
  196  13:49  Hydralisk  
  196  13:55  Drone  
  199  14:06  Baneling x5  
  199  14:07  Baneling x7  
  199  14:13  Spine Crawler, Hydralisk  
  199  14:14  Spore Crawler  
  199  14:15  Spine Crawler, Drone  
  199  14:17  Spine Crawler  
  199  14:20  Baneling  
  199  14:21  Baneling x19  
  199  14:22  Hydralisk  
  200  14:25  Hydralisk  
  199  14:36  Spore Crawler x2  
  199  14:37  Hydralisk  
  199  14:50  Infestation Pit  
  198  14:54  Zergling x2  
  199  15:11  Pneumatized Carapace  
  199  15:18  Zergling x4  
  191  15:21  Zergling x2  
  191  15:26  Zergling x4  
  191  15:27  Zergling x34  
  191  15:28  Zergling x4  
  199  15:33  Zergling x12  
  199  15:35  Zergling x8  
  197  15:36  Zergling x6  
  197  15:37  Zergling x2  
  197  15:38  Zergling x12  
  197  15:40  Zergling x6  
  197  15:42  Hive  
  195  15:46  Hydralisk x2  
  199  15:50  Lurker  
  200  16:04  Baneling x17  
  200  16:07  Baneling  
  200  16:08  Baneling x19  
  200  16:10  Hydralisk x2  
  200  16:12  Hydralisk x2  
  200  16:13  Hydralisk  
  200  16:14  Hydralisk  
  200  16:18  Hydralisk  
  200  16:20  Hydralisk  
  200  16:23  Hydralisk  
  200  16:25  Hydralisk x2  
  198  16:31  Hydralisk  
  198  16:32  Hydralisk x2  
  198  16:36  Hydralisk  
  198  16:39  Hydralisk  
  198  16:43  Drone x4  
  198  16:44  Zergling x2  
  198  16:54  Zerg Missile Weapons Level 3  
  198  16:55  Adrenal Glands  
  178  17:13  Zerg Flyer Weapons Level 2, Viper  
  178  17:14  Viper  
  182  17:17  Zergling x2  
  182  17:18  Zergling x24  
  182  17:20  Zergling x2  
  182  17:21  Zergling x2  
  194  17:23  Zergling x4  
  194  17:24  Zergling x2  
  194  17:25  Zergling x2  
  194  17:26  Zergling x2  
  199  17:42  Overseer x3  
  199  17:54  Zergling x2  
  195  17:58  Zergling x4  
  195  17:59  Zergling x4  
  195  18:00  Zergling x2  
  195  18:02  Overseer  
  195  18:03  Overseer x2  
  196  18:09  Zergling x8  
  196  18:10  Zergling x6  
  196  18:11  Zergling x4  
  191  18:13  Zergling x4  
  191  18:14  Zergling x4  
  191  18:15  Zergling x2, Hatchery  
  191  18:17  Zergling x2  
  191  18:19  Zergling x2  
  193  18:20  Zergling x4  
  193  18:26  Zergling x2  
  157  18:28  Drone x3  
  157  18:29  Drone  
  135  18:42  Corruptor x6  
  135  18:45  Drone x4  
  150  18:55  Baneling x10  
  150  19:12  Drone x2  
  146  19:31  Zerg Flyer Weapons Level 3  
  146  19:33  Drone  
  146  19:38  Corruptor x7  
  140  19:39  Corruptor  
  156  19:52  Corruptor x2  
  156  19:53  Corruptor  
  162  20:00  Infestor x3  
  162  20:03  Infestor  
  162  20:06  Drone x3  
  173  20:08  Infestor  
  163  20:31  Zergling x2  
  163  20:32  Zergling x22  
  173  20:38  Muscular Augments  
  173  20:40  Drone x2  
  173  20:41  Drone  
  176  20:51  Drone x3  
  176  20:52  Spore Crawler  
  178  21:09  Corruptor x2  
  178  21:10  Corruptor x7  
  192  21:16  Corruptor  
  194  21:21  Corruptor  
  193  21:29  Corruptor  
  191  21:35  Corruptor  
  193  21:46  Drone x3  
  196  21:47  Extractor, Drone  
  196  21:48  Drone x3  
  196  21:50  Extractor  
  197  22:35  Extractor  
  196  22:40  Extractor  
  194  22:53  Hatchery  
  193  23:00  Hatchery  
  185  23:07  Greater Spire  
  185  23:08  Zerg Melee Weapons Level 3  
  179  23:16  Overlord x5  
  179  23:17  Overlord  
  170  23:40  Corruptor x9  
  170  23:41  Corruptor x3  
  162  23:53  Corruptor  
  137  23:59  Zergling x6  
  127  24:05  Zergling x2  
  127  24:06  Zergling x12  
  127  24:09  Zergling x2  
  134  24:17  Zergling x12  
  134  24:23  Zergling x2  
  138  24:24  Zergling x6  
  138  24:30  Lurker x2  
  138  24:31  Lurker  
  141  24:32  Hydralisk x2, Lurker x2  
  141  24:33  Hydralisk x2  
  141  24:35  Hydralisk x3  
  141  24:36  Hydralisk x3  
  163  24:38  Hydralisk  
  163  24:39  Hydralisk x2  
  163  24:45  Zergling x4  
  171  24:46  Zergling x4  
  171  24:50  Zergling x4  
  171  24:51  Hatchery  
  171  24:52  Zergling x4  
  171  24:53  Zergling x4  
  171  24:55  Zergling x2  
  171  24:57  Zergling x2  
  171  24:59  Zergling x4  
  171  25:01  Extractor  
  171  25:02  Lurker x2  
  171  25:03  Lurker  
  171  25:04  Zergling x4  
  171  25:05  Extractor  
  169  25:07  Zergling x4  
  143  25:18  Zergling x18  
  133  25:27  Hydralisk x3  
  131  25:29  Hydralisk x2  
  131  25:34  Hydralisk  
  122  25:37  Hydralisk  
  122  25:39  Hydralisk  
  122  25:40  Hydralisk  
  123  25:43  Hydralisk  
  123  25:48  Hydralisk  
  127  25:50  Hydralisk  
  127  25:55  Hydralisk x2  
  116  25:59  Hydralisk  
  116  26:00  Hydralisk  
  116  26:03  Hydralisk  
  108  26:08  Zergling x6  
  108  26:09  Zergling x2  
  108  26:10  Zergling x2  
  97  26:11  Zergling x2, Queen  
  97  26:14  Zergling x2  
  97  26:21  Zergling x6  
  97  26:22  Zergling x2  
  98  26:31  Zergling x6  
  98  26:32  Zergling x4  
  101  26:33  Zergling x4  
  101  26:37  Hatchery  
  94  26:41  Hydralisk  
  94  26:43  Hydralisk  
  105  26:51  Hydralisk x2  
  105  26:52  Hydralisk  
  98  26:55  Hydralisk x2  
  98  26:56  Hydralisk  
  92  27:03  Hydralisk x2  
  92  27:04  Hydralisk  
  92  27:05  Hydralisk  
  79  27:15  Hydralisk  
  71  27:18  Hydralisk  
  63  27:23  Zergling x2  
  63  27:29  Zergling x2  
  52  27:30  Zergling x4  
Show
View Real Time Build Order
Export as new Build Order

DnS Protoss - Winner!

Build Orders: 1 Gate Expand, Oracle Opening, Phoenix Opening, Carriers 

Get SALT Encoding   

  12  0:00  Probe  
  13  0:12  Probe  
  14  0:19  Pylon  
  14  0:24  Probe  
  15  0:33  Probe  
  15  0:38  Gateway  
  15  0:41  Probe  
  16  0:47  Assimilator  
  17  0:52  Probe  
  18  1:04  Probe  
  19  1:16  Probe  
  20  1:23  Nexus  
  20  1:33  Cybernetics Core  
  20  1:36  Probe  
  21  1:42  Assimilator  
  21  1:48  Probe  
  21  1:50  Pylon  
  22  2:00  Probe  
  22  2:01  Adept  
  23  2:12  Probe  
  26  2:19  Adept  
  26  2:21  Stargate  
  26  2:24  Probe  
  29  2:33  Probe  
  29  2:36  Warp Gate  
  29  2:37  Probe  
  31  2:41  Probe  
  31  2:49  Probe  
  31  2:50  Adept, Probe  
  36  2:59  Phoenix  
  36  3:01  Probe  
  36  3:03  Probe  
  40  3:13  Probe  
  40  3:15  Probe  
  42  3:21  Gateway  
  42  3:25  Probe  
  44  3:27  Probe  
  44  3:28  Gateway  
  44  3:37  Pylon  
  44  3:40  Assimilator, Probe  
  45  3:41  Probe  
  45  3:43  Assimilator  
  45  3:48  Pylon  
  46  3:53  Twilight Council  
  46  3:56  Oracle  
  46  3:57  Probe  
  46  3:58  Probe  
  46  4:02  Resonating Glaives  
  51  4:04  Gateway  
  51  4:06  Gateway  
  51  4:13  Gateway  
  51  4:15  Gateway  
  51  4:19  Pylon  
  51  4:25  Probe x2  
  53  4:41  Adept x2  
  53  4:42  Adept  
  53  4:43  Probe  
  60  4:46  Pylon  
  60  4:51  Pylon  
  60  5:07  Adept x5  
  70  5:15  Adept x2  
  74  5:22  Pylon  
  74  5:28  Adept x5  
  84  5:39  Nexus  
  84  5:43  Pylon  
  84  5:48  Adept  
  86  6:02  Adept x5  
  68  6:25  Adept x7  
  75  6:48  Adept x7  
  72  7:11  Adept x6  
  66  7:22  Zealot  
  64  7:25  Probe x3  
  67  7:32  Sentry x3, Adept x3  
  67  7:35  Robotics Facility  
  79  7:39  Probe x3  
  79  7:41  Pylon  
  82  7:47  Probe x2  
  82  7:48  Probe  
  83  7:53  Pylon  
  83  7:57  Sentry  
  83  7:58  Sentry  
  89  8:00  Adept x2  
  89  8:01  Adept  
  95  8:07  Adept  
  95  8:11  Warp Prism  
  97  8:13  Gateway  
  97  8:14  Gateway  
  99  8:28  Adept x4  
  99  8:33  Pylon  
  107  8:40  Adept  
  109  8:50  Pylon  
  109  8:51  Probe x2  
  109  8:53  Pylon  
  111  8:57  Pylon  
  111  8:59  Pylon  
  111  9:00  Observer  
  111  9:05  Pylon  
  112  9:12  Adept x2  
  112  9:13  Adept x6  
  128  9:38  Adept x7  
  130  9:43  Probe x3  
  125  9:46  Assimilator  
  125  9:47  Assimilator  
  125  9:49  Immortal, Forge  
  125  9:55  Probe  
  126  10:02  Probe  
  127  10:09  Protoss Ground Weapons Level 1  
  127  10:10  Probe x2  
  127  10:13  Robotics Facility  
  129  10:14  Probe  
  130  10:22  Sentry, Adept  
  130  10:23  Adept  
  130  10:25  Adept  
  137  10:31  Assimilator  
  137  10:35  Immortal  
  135  10:37  Probe  
  135  10:38  Probe  
  137  10:47  Probe  
  137  10:49  Probe  
  143  10:53  Immortal  
  143  11:05  Charge  
  143  11:10  Zealot  
  143  11:11  Zealot x2  
  149  11:16  Pylon  
  149  11:17  Pylon  
  149  11:18  Templar Archives  
  149  11:19  Pylon  
  149  11:20  Pylon  
  149  11:22  Pylon  
  149  11:36  Nexus  
  149  11:37  Pylon  
  149  11:42  Immortal x2  
  149  11:46  Psionic Storm  
  154  11:59  Probe x2  
  154  12:06  High Templar x2  
  154  12:07  Zealot, High Templar x2  
  154  12:08  Zealot x3  
  168  12:11  Protoss Ground Weapons Level 2  
  168  12:14  Photon Cannon  
  168  12:15  Probe x3  
  169  12:22  Assimilator  
  169  12:30  Pylon  
  169  12:31  High Templar  
  169  12:32  Pylon  
  169  12:33  Assimilator, Phoenix  
  171  12:45  Photon Cannon  
  171  12:48  Photon Cannon  
  171  12:49  Stargate  
  171  12:50  Photon Cannon x2  
  171  12:51  Shield Battery, Phoenix  
  167  13:07  Fleet Beacon  
  167  13:10  Phoenix  
  167  13:26  Shield Battery  
  114  13:27  Pylon, Phoenix  
  167  13:31  Shield Battery, Phoenix  
  167  13:32  High Templar x2  
  167  13:33  Shield Battery  
  167  13:34  Phoenix x2  
  157  13:37  Archon  
  157  13:40  Mothership  
  157  13:43  Phoenix  
  157  13:46  Anion Pulse-Crystals  
  157  13:48  Phoenix  
  157  13:50  Probe x4  
  173  14:30  High Templar x2  
  177  14:32  Photon Cannon  
  177  14:33  Carrier  
  177  14:43  Carrier  
  179  14:57  Nexus  
  179  14:59  Pylon  
  185  15:01  Pylon  
  185  15:02  Graviton Catapult  
  185  15:03  Zealot  
  187  15:09  Zealot x3, High Templar x2  
  187  15:10  Zealot  
  195  15:15  Archon  
  174  15:36  Stargate  
  174  15:42  Protoss Air Weapons Level 1  
  170  15:51  Stargate  
  170  15:56  Carrier  
  170  15:58  Phoenix  
  170  16:00  Photon Cannon  
  170  16:02  Gateway  
  170  16:05  Shield Battery  
  170  16:06  Photon Cannon  
  170  16:07  Photon Cannon  
  176  16:25  Assimilator  
  168  16:27  Zealot x3  
  168  16:28  Zealot  
  168  16:29  Zealot, Assimilator  
  168  16:32  Zealot  
  165  16:33  Zealot  
  165  16:35  Probe x5  
  147  16:45  Probe  
  139  16:47  Probe x3  
  139  16:48  Probe  
  139  16:53  Probe  
  144  16:55  High Templar x6  
  144  16:59  Probe x2, Archon x2  
  144  17:00  Archon, Probe x2  
  159  17:06  Probe  
  148  17:11  Probe x2  
  148  17:12  Probe x2  
  149  17:18  Probe  
  149  17:21  High Templar x2  
  149  17:22  Zealot  
  153  17:23  Probe  
  153  17:24  Probe x2  
  153  17:26  Archon  
  154  17:50  Zealot  
  154  17:51  Zealot x6  
  164  18:02  High Templar  
  164  18:06  Probe  
  164  18:07  Probe  
  161  18:12  Archon  
  161  18:13  High Templar x2  
  161  18:14  High Templar x4  
  161  18:15  Zealot  
  161  18:19  Carrier, Archon  
  157  18:30  Observer  
  157  18:33  Probe x2  
  158  18:48  Carrier  
  152  18:52  Nexus, High Templar x2  
  156  18:56  Zealot x2  
  156  18:57  Zealot x4  
  156  19:02  Carrier  
  168  19:05  Protoss Air Weapons Level 2  
  168  19:06  Observer  
  169  19:28  Photon Cannon  
  169  19:29  Photon Cannon  
  163  19:40  Zealot  
  165  19:52  Photon Cannon  
  165  19:53  Gateway  
  165  19:55  Gateway  
  165  19:56  Photon Cannon x2, Pylon  
  165  19:58  Pylon  
  165  19:59  High Templar  
  167  20:04  Zealot x7  
  167  20:24  Zealot  
  167  20:26  Carrier  
  162  20:29  High Templar x2  
  162  20:30  Carrier  
  162  20:33  Archon  
  160  20:39  Carrier  
  160  20:46  Zealot  
  160  20:48  Zealot x5  
  184  20:58  Protoss Air Weapons Level 3  
  178  21:20  Carrier  
  178  21:32  Zealot x6  
  196  21:40  Zealot  
  198  22:00  Carrier x2  
  193  22:26  Carrier  
  195  22:44  High Templar  
  195  22:45  High Templar  
  195  22:48  Mothership  
  185  23:04  Carrier  
  178  23:12  Zealot x7  
  198  23:28  Pylon  
  186  23:41  Zealot  
  186  23:42  Zealot  
  168  23:56  Archon  
  168  23:57  Archon  
  156  24:03  High Templar x5  
  156  24:04  High Templar  
  156  24:05  High Templar x2  
  156  24:06  Zealot  
  156  24:07  Zealot  
  156  24:08  Archon x2  
  156  24:09  Archon  
  170  24:10  Archon  
  164  24:29  Zealot x2  
  166  24:40  Zealot x2  
  166  24:41  Zealot x6  
  178  24:47  Observer  
  167  25:04  Observer, Zealot x10  
  170  25:22  Nexus  
  170  25:24  Assimilator  
  170  25:26  Assimilator  
  160  25:36  High Templar x3  
  160  25:37  High Templar x3  
  160  25:38  High Templar  
  160  25:39  Zealot, High Templar  
  160  25:42  Archon x3  
  170  25:43  Archon  
  160  26:00  Zealot  
  153  26:25  High Templar x2  
  155  26:27  Zealot  
  155  26:28  Shield Battery, Zealot x6  
  155  26:29  Photon Cannon  
  171  26:35  Pylon  
  171  26:41  Archon  
  171  26:44  Probe  
  172  27:01  High Templar x5  
  166  27:02  Zealot x2, High Templar  
  166  27:06  Archon x2  
  172  27:13  Observer  
  156  27:31  Observer, Zealot x2  
  156  27:35  Zealot x4  
  149  27:53  Archon  
  146  27:59  Zealot x4  
  146  28:02  Zealot x3  
  146  28:03  Zealot  
  156  28:06  Pylon  
Tags
 
Add a new tag
Caveats
  • Supply blocks, unpowered buildings, or Contaminate may cause inaccurate times.
  • Supply counts are checked every 10 seconds.